 Dungeon Crawl Stone Soup version 0.19.5 (webtiles) character file.

227 miragecloak the Cudgeler (level 6, -11/47 HPs)
             Began as a Formicid Abyssal Knight on May 10, 2017.
             Was a Believer of Lugonu.
             Mangled by an ogre
             ... wielding a +0 giant spiked club
              (22 damage)
             ... on level 4 of the Dungeon.
             The game lasted 00:03:04 (2783 turns).

miragecloak the Cudgeler (Formicid Abyssal Knight)  Turns: 2783, Time: 00:03:05

Health: -11/47     AC: 11    Str: 17    XL:     6   Next: 22%
Magic:  7/7        EV:  7    Int: 13    God:    Lugonu [**....]
Gold:   176        SH:  4    Dex: 12    Spells: 0 memorised, 5 levels left

rFire  . . .     SeeInvis +     a - +1 mace
rCold  . . .     Gourm    .     j - +0 storm dragon scales
rNeg   . . .     Faith    .     (no shield)
rPois  .         Spirit   .     (helmet unavailable)
rElec  +         Reflect  +     (no cloak)
rCorr  .         Harm     .     (no gloves)
MR     .....                    (no boots)
Stlth  ..........               n - +4 amulet of reflection
                                (no ring)
                                l - +2 ring of intelligence

@: no status effects
A: permanent stasis, dig shafts and tunnels, four strong arms, antennae 3
a: Dig, Shaft Self, Depart the Abyss, Bend Space, Renounce Religion


You were on level 4 of the Dungeon.
You worshipped Lugonu.
Lugonu was pleased with you.
You were not hungry.

You visited 1 branch of the dungeon, and saw 4 of its levels.
You visited the Abyss 1 time.

You collected 176 gold pieces.

Inventory:

Hand Weapons
 a - a +1 mace (weapon)
Armour
 b - a +0 leather armour
 j - +0 storm dragon scales (worn)
Jewellery
 l - a +2 ring of intelligence (left hand)
 n - a +4 amulet of reflection (around neck)
Scrolls
 d - a scroll of enchant weapon {unknown}
 e - 3 scrolls of blinking {unknown}
 k - 3 scrolls of random uselessness {unknown}
 m - a scroll of teleportation {unknown}
 o - 2 scrolls of identify {unknown}
Potions
 h - 2 potions of agility {unknown}
Comestibles
 c - 2 bread rations
 f - a slice of pizza
 g - a meat ration
 i - 7 fruits


   Skills:
 - Level 3.2 Fighting
 + Level 5.2 Maces & Flails
 - Level 4.0 Armour
 - Level 0.8 Dodging
 - Level 2.1 Invocations


You had 5 spell levels left.
You didn't know any spells.

Dungeon Overview and Level Annotations

Branches:
Dungeon (4/15)
 Temple: D:4-7

Altars:
Hepliaklqana
Zin

Annotations:
D:3 manyhoops's ghost, amateur SpEn


Innate Abilities, Weirdness & Mutations

You are under a permanent stasis effect.
You can dig through walls and to a lower floor.
Your four strong arms can wield two-handed weapons with a shield.
You have a pair of large antennae on your head. (SInv)


Message History

You kill the hound!
Lugonu accepts your kill.
Your Maces & Flails skill increases to level 5!
You hit the ogre but do no damage. The ogre barely misses you.
You hit the ogre.
The ogre is lightly wounded.
The ogre hits you with a giant spiked club!
Your storm dragon scales prevents you from hitting the ogre.
The ogre is lightly wounded.
The ogre hits you but does no damage.
You hit the ogre.
The ogre is moderately wounded.
Your storm dragon scales prevents you from hitting the ogre.
The ogre is moderately wounded.
The ogre hits you with a giant spiked club!
* * * LOW HITPOINT WARNING * * *
You sock the ogre!
The ogre is severely wounded.
The ogre hits you with a giant spiked club!!
You die...

#####
......#####
......'O@.#
......###.#
..... #.#
.... #.#
... {#.# ..
{#<# # {###
{


You could see an ogre.

Vanquished Creatures
  A hound (D:4)
  Ijyb (D:2)
  Natasha (thrice) (D:3)
  4 adders (D:3)
  An ooze (D:2)
  2 worms (D:2)
  2 dart slugs
  A leopard gecko (D:3)
  5 bats
  A giant cockroach (D:2)
  6 goblins
  5 hobgoblins
  2 jackals (D:2)
  7 kobolds
  A ball python (D:2)
  2 frilled lizards (D:1)
  6 rats
50 creatures vanquished.

Notes
Turn   | Place    | Note
-------+----------+-------------------------------------------
     0 | Abyss:1  | miragecloak the Formicid Abyssal Knight began the quest for the Orb.
     0 | Abyss:1  | Reached XP level 1. HP: 18/18 MP: 2/2
    32 | D:1      | Escaped the Abyss
   357 | D:1      | Reached XP level 2. HP: 24/24 MP: 3/3
   395 | D:1      | Reached * piety under Lugonu
   838 | D:1      | Reached skill level 3 in Maces & Flails
   976 | D:2      | Noticed Ijyb
  1005 | D:2      | Killed Ijyb
  1005 | D:2      | Reached XP level 3. HP: 25/29 MP: 4/4
  1153 | D:2      | Reached XP level 4. HP: 35/35 MP: 5/5
  1643 | D:3      | Found a glowing silver altar of Zin.
  1741 | D:3      | Noticed Natasha
  1744 | D:3      | Killed Natasha
  1744 | D:3      | Reached ** piety under Lugonu
  1744 | D:3      | Reached skill level 4 in Maces & Flails
  1744 | D:3      | Reached XP level 5. HP: 30/41 MP: 6/6
  1821 | D:3      | Noticed Natasha
  1833 | D:3      | Killed Natasha
  1990 | D:3      | Noticed Natasha
  1994 | D:3      | Killed Natasha
  2123 | D:3      | Noticed manyhoops's ghost (amateur SpEn)
  2462 | D:3      | Found a hazy altar of Hepliaklqana.
  2588 | D:3      | Reached XP level 6. HP: 42/47 MP: 7/7
  2765 | D:4      | Noticed an ogre
  2777 | D:4      | Reached skill level 5 in Maces & Flails
  2783 | D:4      | Mangled by an ogre

Skill      XL: |  1  2  3  4  5  6 |
---------------+-------------------+-----
Maces & Flails | 3 4 5 |  5.2
Armour         | 3 4 |  4.0
Fighting       | |  3.2
Dodging        | |  0.8
Invocations    | |  2.1

Action                   |  1- 3 |  4- 6 || total
-------------------------+-------+-------++-------
Melee: Mace              |    93 |   185 ||   278
Invok: Depart the Abyss  |     1 |       ||     1
  Eat: Chunk             |       |     6 ||     6
Armor: Leather armour    |     4 |       ||     4
       Storm dragon scal |    50 |   104 ||   154
Dodge: Dodged            |    52 |    54 ||   106
Block: Other             |       |    23 ||    23
